 Dungeon Crawl Stone Soup version 0.29-a0-993-g4a18f31a58 (webtiles) character file.

Game seed: 8218675874150018079

41 wingedge the Trooper (level 3, 0/39 HPs)
             Began as an Ogre Chaos Knight on Aug 3, 2022.
             Was a Follower of Qazlal.
             Constricted to death by a naga (shapeshifter) (4 damage)
             ... on level 2 of the Dungeon.
             The game lasted 00:09:09 (1314 turns).

wingedge the Trooper (Ogre Chaos Knight)            Turns: 1314, Time: 00:09:11

Health: 0/39       AC:  5    Str: 18    XL:     3   Next: 52%
Magic:  4/4        EV:  6    Int: 13    God:    Qazlal [*.....]
Gold:   40         SH:  2    Dex:  8    Spells: 4/4 levels left

rFire   . . .      SeeInvis .   a - +0 mace (chaos)
rCold   . . .      Faith    .   (no shield)
rNeg    . . .      Spirit   .   d - +2 robe
rPois   .          Reflect  .   (helmet restricted)
rElec   .          Harm     .   (no cloak)
rCorr   .          Rampage  .   (gloves unavailable)
Will    .....                   (boots unavailable)
Stlth   +.........              (no amulet)
HPRegen 0.13/turn               (no ring)
MPRegen 0.09/turn               (no ring)

@: lethally poisoned (0 -> -5), constricted
A: large, unfitting armour, tough skin 1
a: Renounce Religion


You were on level 2 of the Dungeon.
You worshipped Qazlal.
Qazlal was aware of your devotion.
You visited 1 branch of the dungeon, and saw 2 of its levels.

You collected 40 gold pieces.

Inventory:

Hand Weapons
 a - a +0 mace of chaos (weapon)
 b - a +0 sling
Missiles
 h - 6 javelins (quivered)
Armour
 d - a +2 robe (worn)
Scrolls
 e - 2 scrolls of identify {unknown}
 f - a scroll of vulnerability {unknown}
 j - a scroll of blinking {unknown}
 k - a scroll of enchant weapon {unknown}
Potions
 g - a potion of cancellation {unknown}
 i - a potion of might {unknown}
Miscellaneous
 c - a piece from Xom's chessboard (12/15)


   Skills:
 - Level 4.0 Fighting
 - Level 3.3 Maces & Flails
 + Level 1.9 Throwing
 - Level 2.1 Dodging
 - Level 1.0 Spellcasting


You had 4 spell levels left.
You didn't know any spells.
Your spell library contained the following spells:

 Spells                   Type           Power      Damage    Failure   Level
 Sublimation of Blood     Necr           0%         N/A       38%         2
 Wereblood                Tmut           0%         N/A       38%         2
 Fireball                 Conj/Fire      0%         3d3       100%        5
 Starburst                Conj/Fire      0%         6d3       100%        6
 Summon Hydra             Summ           0%         N/A       100%        7
 Ignition                 Fire           0%         3d3       100%        8


Dungeon Overview and Level Annotations

Branches:
Dungeon (2/15)

Altars:
Qazlal


Innate Abilities, Weirdness & Mutations

You are too large for most types of armour.
You have tough skin. (AC +1)


Message History

The yak barely misses you.
You sock the yak! You burn the yak.
The yak is heavily wounded.
The yak gores you.
You hit the yak but do no damage.
The yak is heavily wounded.
The yak barely misses you.
You hit the yak but do no damage.
The yak is heavily wounded.
The yak barely misses you.
You hit the yak. You freeze the yak. You punch the yak.
The yak is heavily wounded.
The yak closely misses you. The yak completely misses you.
You hit the yak but do no damage.
The yak is heavily wounded.
The yak gores you!
You hit the yak but do no damage.
The yak is heavily wounded.
The yak changes into a hog!
You barely miss the hog.
The hog is lightly wounded.
The hog barely misses you.
You hit the hog. Lightning courses through the hog!
The hog is severely wounded.
The hog changes into a naga!
You hit the naga.
The naga suddenly seems more agile.
The naga is lightly wounded.
The naga picks up a +0 dagger.
The naga wields a +0 dagger.
You hit the naga.
The naga is moderately wounded.
The naga spits poison at you. The splash of poison hits you.
You are poisoned.
You closely miss the naga.
The naga is moderately wounded.
You feel sick. The naga hits you with a +0 dagger!
* * * LOW HITPOINT WARNING * * *
The naga grabs you. The naga constricts you.
You die...
Xom is highly amused!

#.......# #.#..#..#.#
#####...# #.#..#..#.#
#...###.#..#..#.#
#...##..#..#..#.#
##...#'#...#+#..#
#########.##.##.##.##
.....##...###...##..
#.N.+.....+.....'.#
####○@###...#'#...###.
##....##.##.##.##.##.##
#[...##...###...###...#
#....#.....#.....#.....
#....'.....'..♣..'.....
#....#.....#.....#.....
#...###...###...###...#
#..##.##.##.##.## ##.##
#.##...###...#'# ###


You could see a naga shaped shifter (agile, catching breath).

Vanquished Creatures
  2 dart slugs
  An orc (D:2)
  3 bats (D:1)
  4 endoplasms
  A giant cockroach (D:1)
  2 goblins
  2 hobgoblins
  4 kobolds
  2 quokkas (D:2)
  5 ball pythons
  3 frilled lizards (D:1)
  7 rats
36 creatures vanquished.

Vanquished Creatures (others)
  A goblin zombie (D:2)
1 creature vanquished.

Grand Total: 37 creatures vanquished

Notes
Turn   | Place    | Note
-------+----------+-------------------------------------------
     0 | D:1      | wingedge the Ogre Chaos Knight began the quest for the Orb.
     0 | D:1      | Reached XP level 1. HP: 24/24 MP: 1/1
   145 | D:1      | XOM: silly message
   262 | D:1      | Reached skill level 1 in Spellcasting
   262 | D:1      | Reached XP level 2. HP: 26/32 MP: 3/3
   265 | D:1      | XOM: silly message
   830 | D:1      | Found a faded altar of an unknown god.
   839 | D:1      | Reached skill level 1 in Throwing
   839 | D:1      | Reached XP level 3. HP: 39/39 MP: 4/4
   856 | D:1      | Prayed at the altar of an unknown god.
   856 | D:1      | Fell from the grace of Xom
   856 | D:1      | Became a worshipper of Qazlal Stormbringer
   856 | D:1      | Reached * piety under Qazlal
  1300 | D:2      | Noticed a shapeshifter
  1300 | D:2      | a kobold changed into a shapeshifter
  1300 | D:2      | Noticed a yak
  1300 | D:2      | a shapeshifter changed into a yak
  1309 | D:2      | Noticed a hog
  1309 | D:2      | a yak changed into a hog
  1311 | D:2      | Noticed a naga
  1311 | D:2      | a hog changed into a naga
  1314 | D:2      | Constricted to death by a naga (shapeshifter)

Illustrated notes

Levels and vault maps discovered:
D:1:      beargit_arrival_diablo_church, layout_loops_ring,
          shapermc_ecumenical_altar_mp_highgroup, minmay_3d_cube
D:2:      layout_basic, serial_shops, shop, roderic_roman_lattice,
          nicolae_hexahallways

Skill      XL: |  1  2 |
---------------+-------+-----
Maces & Flails | 3 |  3.3
Spellcasting   | 1 |  1.0
Throwing       | 1 |  1.9
Fighting       | |  4.0
Dodging        | |  2.1

Action                   || total
-------------------------++-------
Melee: Mace              ||   114
       Punch             ||     1
 Fire: Sling             ||     3
Throw: Javelin           ||     6
Evoke: Piece from Xom's  ||     3
 Stab: Sleeping          ||     1
Armor: Robe              ||    57
Dodge: Dodged            ||    50
Block: Other             ||     3

Table legend: (Time is in decaauts)
 A = Elapsed time spent in this place.
 B = Non-inter-level travel time spent in this place.
 C = Inter-level travel time spent in this place.
 D = Time resting spent in this place.
 E = Time spent auto-exploring this place.
 F = Levels seen in this place.
 G = Mean time per level.
                   A        B        C        D        E       F      G
               +--------+--------+--------+--------+--------+-----+--------+
         Total |   1340 |   1311 |     29 |     82 |    604 |   2 |  670.0 |
       Dungeon |   1340 |   1311 |     29 |     82 |    604 |   2 |  670.0 |
               +--------+--------+--------+--------+--------+-----+--------+

Top non-repeatable levels by time:
     D:1: 1028 daAuts
     D:2: 311 daAuts
